 Dungeon Crawl Stone Soup version 0.26.1-2-gb8aa6d0cf2 (webtiles) character file.

Game seed: 5823876058758369430

56 infcreate the Vexing (level 3, -1/19 HPs)
             Began as a Deep Elf Enchanter on Mar 30, 2021.
             Slain by a jackal (2 damage)
             ... on level 1 of the Dungeon.
             The game lasted 00:07:55 (2319 turns).

infcreate the Vexing (Deep Elf Enchanter)           Turns: 2319, Time: 00:07:55

Health: -1/19      AC:  2    Str:  5    XL:     3   Next: 69%
Magic:  1/9        EV: 13    Int: 19    God:
Gold:   46         SH:  0    Dex: 16    Spells: 2/8 levels left

rFire    . . .     SeeInvis .   a - +1 dagger
rCold    . . .     Faith    .   (no shield)
rNeg     . . .     Spirit   .   b - +0 robe
rPois    .         Reflect  .   (no helmet)
rElec    .         Harm     .   (no cloak)
rCorr    .         Rampage  .   (no gloves)
Will     .....                  (no boots)
Stlth    +++.......             (no amulet)
HPRegen  0.06/turn              (no ring)
MPRegen  0.11/turn              (no ring)

@: no status effects
A: no striking features
a: no special abilities


You were on level 1 of the Dungeon.
You visited 1 branch of the dungeon, and saw 1 of its levels.

You collected 46 gold pieces.

Inventory:

Hand Weapons
 a - a +1 dagger (weapon)
Armour
 b - a +0 robe (worn)
Jewellery
 e - an uncursed ring of see invisible {unknown}
Potions
 d - a potion of mutation {unknown}
 f - a potion of invisibility {unknown}


   Skills:
 + Level 0.2 Fighting
 * Level 1.8 Short Blades
 * Level 3.0 Dodging
 * Level 4.3 Stealth
 + Level 3.2 Spellcasting
 * Level 4.6 Hexes


You had 2 spell levels left.
You knew the following spells:

 Your Spells              Type           Power        Failure   Level
a - Corona                Hex            22%          2%          1
b - Ensorcelled Hibernat  Hex/Ice        22%          9%          2
c - Confusing Touch       Hex            20%          7%          3

Your spell library contained the following spells:

 Spells                   Type           Power        Failure   Level
 Tukima's Dance           Hex            20%          7%          3
 Dazzling Flash           Conj/Hex       22%          17%         3


Dungeon Overview and Level Annotations

Branches:
Dungeon (1/15)

Altars:


Message History

The jackal is moderately wounded.
The jackal bites you.
You hit the jackal but do no damage.
The jackal is moderately wounded.
The jackal bites you but does no damage.
You hit the jackal.
The jackal is almost dead.
The jackal bites you. x2
* * * LOW HITPOINT WARNING * * *
You hit the jackal but do no damage.
The jackal is almost dead.
The jackal bites you.
* * * LOW HITPOINT WARNING * * *
You closely miss the jackal.
The jackal is almost dead.
The jackal barely misses you.
You barely miss the jackal.
The jackal is almost dead.
The jackal bites you.
You die...

#.##.##.......# ##.#########
..##.##.......# #......)..†
#.##.##.......# #.#########
#.##)####...### #+## #...
.....# #...# #...## ####
..#### ##.#### ##.....## #.#
#)##.## ##.......#
..########.#...####.>.......
................@h†.........+
..########.#)..####.........#
#[# #......# ##.......# #h#
######.# ##.....## #.# .#
#...## #g# .# #+## ### #h# .#
#w. #.#### .# #.# .....# #.#


You could see a jackal (corona).

Vanquished Creatures
  An ooze (D:1)
  4 dart slugs (D:1)
  2 bats (D:1)
  5 goblins (D:1)
  2 hobgoblins (D:1)
  16 jackals (D:1)
  3 kobolds (D:1)
  5 rats (D:1)
38 creatures vanquished.

Notes
Turn   | Place    | Note
-------+----------+-------------------------------------------
     0 | D:1      | infcreate the Deep Elf Enchanter began the quest for the
                  | Orb.
     0 | D:1      | Reached XP level 1. HP: 10/10 MP: 6/6
   181 | D:1      | Reached XP level 2. HP: 5/15 MP: 6/8
   184 | D:1      | Learned a level 2 spell: Ensorcelled Hibernation
  1266 | D:1      | Reached XP level 3. HP: 16/19 MP: 4/9
  1530 | D:1      | Learned a level 3 spell: Confusing Touch
  2319 | D:1      | Slain by a jackal

Illustrated notes

Levels and vault maps discovered:
D:1:      elethiomel_arrival_infinity_welcomes_careful_drivers,
          layout_loops_corners, serial_aquarium, aquarium_bridge_straight
          [aquarium_subvault_bridge, aquarium_subvault_window,
          aquarium_subvault_bridge, aquarium_subvault_wall],
          aquarium_window_corridor_2, aquarium_window_2, aquarium_view_2a,
          aquarium_balcony_5a, minmay_misc_feat_columns

Skill      XL: |  1  2  3 |
---------------+----------+-----
Stealth        | 4 |  4.3
Dodging        | 3 |  3.0
Fighting       | |  0.2
Short Blades   | |  1.8
Spellcasting   | |  3.2
Hexes          | |  4.6

Action                   || total
-------------------------++-------
Melee: Dagger            ||   116
 Cast: Corona            ||    10
       Ensorcelled Hiber ||    29
       Confusing Touch   ||     3
  Use: Scroll            ||     3
 Stab: Sleeping          ||    25
       Confused          ||     1
Armor: Robe              ||    22
Dodge: Dodged            ||   100
